Penguins vs Coyotes
(R1)
Created - April 9, 2019 at 19:02
Goals
|
| Penguins |
0 |
1 |
4 |
5 |
| Coyotes |
2 |
0 |
1 |
3 |
|
Shots
|
| Penguins |
9 |
9 |
13 |
31 |
| Coyotes |
9 |
8 |
12 |
29 |
|
1st period
1. Coyotes , Brooks Laich 7 (Chad Larose 12, Michael Del Zotto 16) at 15:59
2. Coyotes , Marian Gaborik 34 (Brad Richards 48, Kristopher Letang 36) at 17:10
Penalties :
Dustin Brown (Pit) for Hooking (Minor) at 5:29, Keith Aulie (Pit) for High sticking (Minor) at 6:38, Steven Stamkos (Pit) for Roughing (Minor) at 12:27, Ryane Clowe (Ari) for Holding (Minor) at 18:15
2nd period
3. Penguins , Sean Zimmerman 6 (Riley Sheahan 16, Keith Aulie 26) at 17:32 (SH)
Penalties :
Greg Zanon (Ari) for Interference (Minor) at 1:27, Alexander Sulzer (Ari) for Hooking (Minor) at 9:44, Andrew Cogliano (Pit) for High sticking (Minor) at 17:17
3rd period
4. Penguins , Riley Sheahan 12 (Cal Clutterbuck 13) at 6:28 (SH)
5. Coyotes , Marek Svatos 20 (Kristopher Letang 37, Zach Parise 32) at 9:35 (PP)
6. Penguins , Dustin Brown 27 (Steven Stamkos 67, Andrew Cogliano 46) at 12:14
7. Penguins , Andrew Cogliano 28 (Steven Stamkos 68, T.J. Oshie 11) at 16:23
8. Penguins , Cal Clutterbuck 12 (Riley Sheahan 17) at 19:54 (Empty Net)
Penalties :
Marian Gaborik (Ari) for Roughing (Minor) at 0:03, Keith Aulie (Pit) for Hooking (Minor) at 2:35, Keith Aulie (Pit) for Boarding (Minor) at 5:59, Dustin Brown (Pit) for Roughing (Double Minor) at 9:04
Goalie Stats
Jacob Markstrom (Pit), 26 saves from 29 shots - (0.897), W, 24-28-7, 60:00 minutes
Maxime Daigneault (Ari), 26 saves from 30 shots - (0.867), L, 26-14-5, 59:04 minutes
Players Stats for Penguins
Player Name G A P +/- PIM S H SB GA TA FO MP PP MP PK MP
------------------------------------------------------------------------------------
Andrew Cogliano 1 1 2 3 2 3 2 1 0 0 1/2 24:38 4:49 6:25
Cal Clutterbuck 1 1 2 2 0 2 0 1 0 0 0/0 13:28 0:00 2:51
Christian Ehrhoff 0 0 0 0 0 1 2 0 0 0 0/0 11:17 0:00 2:28
D.J King 0 0 0 0 0 1 1 0 1 0 0/0 11:55 0:00 2:19
David Booth 0 0 0 -2 0 3 0 1 0 0 1/2 12:24 3:07 0:04
Dustin Brown 1 0 1 -1 6 5 3 0 0 0 0/1 13:00 3:07 0:02
Eric Gryba 0 0 0 0 0 1 2 0 1 0 0/0 23:26 4:40 6:05
Keith Aulie 0 1 1 3 6 0 2 1 1 0 0/0 25:48 3:16 5:00
Marcus Foligno 0 0 0 0 0 0 1 0 0 0 0/0 6:14 0:00 0:00
Martin St. Louis 0 0 0 0 0 1 0 0 0 0 0/0 6:24 0:10 0:00
Melker Karlsson 0 0 0 0 0 1 1 0 0 0 2/4 8:01 0:00 1:13
Mike Komisarek 0 0 0 -1 0 1 1 0 0 1 0/0 22:51 4:40 5:06
Paul Ranger 0 0 0 0 0 0 1 1 0 1 0/0 8:25 0:00 0:00
Riley Armstrong 0 0 0 0 0 0 0 0 0 0 3/7 8:57 0:00 0:00
Riley Sheahan 1 2 3 1 0 4 3 2 1 0 10/15 20:45 3:07 6:40
Sean Zimmerman 1 0 1 4 0 1 1 0 0 1 0/0 28:44 3:16 8:28
Steven Stamkos 0 2 2 3 2 7 1 0 0 1 20/29 23:53 4:49 6:44
T.J. Oshie 0 1 1 1 0 0 2 0 0 1 0/2 15:19 4:39 0:00
Players Stats for Coyotes
Player Name G A P +/- PIM S H SB GA TA FO MP PP MP PK MP
------------------------------------------------------------------------------------
Alexander Sulzer 0 0 0 0 2 0 1 0 0 0 0/0 9:27 0:00 0:00
Anton Stralman 0 0 0 -2 0 0 4 1 0 0 0/0 29:06 9:29 4:31
Brad Richards 0 1 1 -2 0 1 1 1 2 0 11/27 24:09 7:19 5:05
Brooks Laich 1 0 1 0 0 4 1 0 1 0 7/14 11:25 0:00 0:36
Chad Larose 0 1 1 0 0 3 0 1 0 0 0/1 11:29 0:00 0:00
Chris Stewart 0 0 0 0 0 1 0 0 0 0 0/0 5:06 0:00 0:00
Greg Zanon 0 0 0 -1 2 0 1 0 0 0 0/0 19:10 4:05 2:30
Josh Gorges 0 0 0 -1 0 1 1 0 0 0 0/0 20:06 4:05 3:25
Kristopher Letang 0 2 2 -2 0 2 1 5 0 2 0/0 30:44 9:29 4:31
Marek Svatos 1 0 1 -1 0 3 1 1 1 0 0/1 17:46 6:15 0:00
Marian Gaborik 1 0 1 -2 2 5 3 0 1 1 3/8 25:40 7:19 4:03
Martin Samuelsson 0 0 0 0 0 0 3 0 0 0 0/1 13:15 0:00 1:46
Michael Del Zotto 0 1 1 0 0 1 2 0 0 1 0/0 9:35 0:00 0:36
Nazem Kadri 0 0 0 -1 0 5 2 0 0 0 2/6 19:57 6:15 2:11
Ryane Clowe 0 0 0 -1 2 1 1 1 0 0 0/1 18:37 6:15 0:43
Thomas Hickey 0 0 0 0 0 0 0 0 0 0 0/0 2:08 0:00 0:19
Valtteri Filppula 0 0 0 0 0 0 1 0 0 0 1/2 4:43 0:00 0:00
Zach Parise 0 1 1 -2 0 2 7 2 0 0 1/1 19:37 7:19 1:28
3 Stars
1 - Riley Sheahan (Pit)
2 - Andrew Cogliano (Pit)
3 - Sean Zimmerman (Pit)
Power Play
Penguins - 0 on 4 Attempt(s) - 0.00%
Coyotes - 1 on 8 Attempt(s) - 12.50%
Penalty Kill
Penguins - 7 on 8 Attempt(s) - 87.50%
- Score 2 goal in Penalty Kill
Coyotes - 4 on 4 Attempt(s) - 100.00%
- Score 0 goal in Penalty Kill
Team Stat
Penguins - Hits : 23 - Faceoff Wins : 37 - Blocked Shots : 7 - Penalty Minutes : 16
Coyotes - Hits : 30 - Faceoff Wins : 25 - Blocked Shots : 12 - Penalty Minutes : 8
Official
Referees : Unknown
Linesman : Unknown
Game Notes
Cal Clutterbuck has scored in a empty net!
Finance
Level 1 -- Attendance: 5516 (91.93%) -- Ticket Income $496,440
Level 2 -- Attendance: 4867 (97.34%) -- Ticket Income $257,951
Level 3 -- Attendance: 1948 (97.40%) -- Ticket Income $72,076
Level 4 -- Attendance: 4000 (100.00%) -- Ticket Income $104,000
Luxury Box -- Attendance: 1000 (100.00%) -- Ticket Income $163,000
Game was played at the The Pack Center.
Total Attendance: 17331 (96.28%)
Total Ticket Income: $1,093,467
Other Income: $164,020
Total Income: $1,257,487
Penguins
5 vs 5 Forward
Center Left Wing Right Wing Time % Phy DF OF
1 Steven Stamkos Andrew Cogliano T.J. Oshie 40 1 1 3
2 Riley Sheahan David Booth Dustin Brown 30 1 1 3
3 Riley Armstrong D.J King Cal Clutterbuck 20 1 3 1
4 Melker Karlsson Marcus Foligno Martin St. Louis 10 1 1 3
5 vs 5 Defense
Defense Defense Time % Phy DF OF
1 Keith Aulie Sean Zimmerman 44 1 2 2
2 Eric Gryba Mike Komisarek 33 1 2 2
3 Paul Ranger Christian Ehrhoff 23 1 2 2
4 Keith Aulie Sean Zimmerman 0 1 2 2
PowerPlay Forward
Center Left Wing Right Wing Time % Phy DF OF
1 Steven Stamkos Andrew Cogliano T.J. Oshie 60 0 1 4
2 Riley Sheahan David Booth Dustin Brown 40 0 1 4
PowerPlay Defense
Defense Defense Time % Phy DF OF
1 Keith Aulie Sean Zimmerman 60 1 1 3
2 Eric Gryba Mike Komisarek 40 1 1 3
Penalty Kill 4 Players Forward
Center Wing Time % Phy DF OF
1 Steven Stamkos Andrew Cogliano 60 1 3 1
2 Riley Sheahan Cal Clutterbuck 40 1 3 1
Penalty Kill 4 Players Defense
Defense Defense Time % Phy DF OF
1 Keith Aulie Sean Zimmerman 60 1 4 0
2 Eric Gryba Mike Komisarek 40 1 4 0
Penalty Kill - 3 Players Forward
Forward Time % Phy DF OF
1 Steven Stamkos 60 1 3 1
2 Riley Sheahan 40 1 3 1
Penalty Kill - 3 Players Defense
Defense Defense Time % Phy DF OF
1 Keith Aulie Sean Zimmerman 60 1 4 0
2 Eric Gryba Mike Komisarek 40 1 4 0
4 vs 4 Forward
Center Wing Time % Phy DF OF
1 Steven Stamkos Andrew Cogliano 60 1 1 3
2 Riley Sheahan Dustin Brown 40 1 1 3
4 vs 4 Defense
Defense Defense Time % Phy DF OF
1 Keith Aulie Sean Zimmerman 60 1 2 2
2 Eric Gryba Mike Komisarek 40 1 2 2
Last Minutes Offensive
Center Left Wing Right Wing Defense Defense
Steven Stamkos Andrew Cogliano Martin St. Louis Keith Aulie Sean Zimmerman
Last Minutes Defensive
Center Left Wing Right Wing Defense Defense
Riley Sheahan Andrew Cogliano Cal Clutterbuck Keith Aulie Sean Zimmerman
Goaltenders
Starting : Jacob Markstrom
Backup : Sergei Bobrovsky
Extra Forwards
Normal : Steven Stamkos, Riley Sheahan, Riley Armstrong - PP : Steven Stamkos, Riley Sheahan - PK : Riley Sheahan
Extra Defensemen
Normal : Sean Zimmerman, Eric Gryba, Christian Ehrhoff - PP : Keith Aulie - PK : Sean Zimmerman, Eric Gryba
Penalty Shots
Steven Stamkos, David Booth, Andrew Cogliano, Riley Sheahan, Dustin Brown
Scratches
Ryan O'Reilly (Groin Injury), Logan Couture (Sprained Left Knee Injury), Patrick Marleau (Healthy), Josh Tordjman (Healthy)
Coyotes
5 vs 5 Forward
Center Left Wing Right Wing Time % Phy DF OF
1 Brad Richards Zach Parise Marian Gaborik 40 1 2 2
2 Nazem Kadri Ryane Clowe Marek Svatos 30 1 2 2
3 Brooks Laich Martin Samuelsson Chad Larose 20 1 2 2
4 Valtteri Filppula Marian Gaborik Chris Stewart 10 1 2 2
5 vs 5 Defense
Defense Defense Time % Phy DF OF
1 Kristopher Letang Anton Stralman 40 1 2 2
2 Josh Gorges Greg Zanon 30 1 2 2
3 Alexander Sulzer Michael Del Zotto 20 1 2 2
4 Thomas Hickey Kristopher Letang 10 1 2 2
PowerPlay Forward
Center Left Wing Right Wing Time % Phy DF OF
1 Brad Richards Zach Parise Marian Gaborik 60 1 2 2
2 Nazem Kadri Ryane Clowe Marek Svatos 40 1 2 2
PowerPlay Defense
Defense Defense Time % Phy DF OF
1 Kristopher Letang Anton Stralman 60 1 2 2
2 Josh Gorges Greg Zanon 40 1 2 2
Penalty Kill 4 Players Forward
Center Wing Time % Phy DF OF
1 Marian Gaborik Brad Richards 60 1 2 2
2 Zach Parise Nazem Kadri 40 1 2 2
Penalty Kill 4 Players Defense
Defense Defense Time % Phy DF OF
1 Kristopher Letang Anton Stralman 60 1 2 2
2 Josh Gorges Greg Zanon 40 1 2 2
Penalty Kill - 3 Players Forward
Forward Time % Phy DF OF
1 Marian Gaborik 60 1 2 2
2 Brad Richards 40 1 2 2
Penalty Kill - 3 Players Defense
Defense Defense Time % Phy DF OF
1 Kristopher Letang Anton Stralman 60 1 2 2
2 Josh Gorges Greg Zanon 40 1 2 2
4 vs 4 Forward
Center Wing Time % Phy DF OF
1 Marian Gaborik Brad Richards 60 1 2 2
2 Zach Parise Nazem Kadri 40 1 2 2
4 vs 4 Defense
Defense Defense Time % Phy DF OF
1 Kristopher Letang Anton Stralman 60 1 2 2
2 Josh Gorges Greg Zanon 40 1 2 2
Last Minutes Offensive
Center Left Wing Right Wing Defense Defense
Brad Richards Zach Parise Marian Gaborik Kristopher Letang Anton Stralman
Last Minutes Defensive
Center Left Wing Right Wing Defense Defense
Brad Richards Zach Parise Marian Gaborik Kristopher Letang Anton Stralman
Goaltenders
Starting : Maxime Daigneault
Backup : Cam Ward
Extra Forwards
Normal : Chad Larose, Brooks Laich, Martin Samuelsson - PP : Chad Larose, Brooks Laich - PK : Martin Samuelsson
Extra Defensemen
Normal : Alexander Sulzer, Michael Del Zotto, Thomas Hickey - PP : Alexander Sulzer - PK : Michael Del Zotto, Thomas Hickey
Penalty Shots
Marian Gaborik, Brad Richards, Zach Parise, Nazem Kadri, Marek Svatos
Scratches
Tyler Ennis (Bruised Left Arm Injury)
% Time on Ice - Penguins
Lines # - Real PCT - Wanted PCT - Time Play
Normal Forward
1 - 33% - 40% - 12:26
2 - 26% - 30% - 9:47
3 - 24% - 20% - 8:57
4 - 17% - 10% - 6:14
Normal Defense
1 - 44% - 44% - 16:30
2 - 33% - 33% - 12:29
3 - 23% - 23% - 8:25
4 - 0% - 0% - 0:00
PP Forward
1 - 61% - 60% - 4:49
2 - 39% - 40% - 3:07
PP Defense
1 - 41% - 60% - 3:16
2 - 59% - 40% - 4:40
PK Forward
1 - 77% - 60% - 9:51
2 - 23% - 40% - 2:53
PK Defense
1 - 68% - 60% - 8:40
2 - 32% - 40% - 4:04
PK3 Forward
1 - 84% - 60% - 0:42
2 - 16% - 40% - 0:08
PK3 Defense
1 - 100% - 60% - 0:50
2 - 0% - 40% - 0:00
44 Forward
1 - 0% - 60%
2 - 0% - 40%
44 Defense
1 - 0% - 60%
2 - 0% - 40%
Last Minute Offensive - 0:00
Last Minute Defensive - 1:06
Total
Forward - 60:00
Defense - 60:00
|
% Time on Ice - Coyotes
Lines # - Real PCT - Wanted PCT - Time Play
Normal Forward
1 - 29% - 40% - 10:42
2 - 31% - 30% - 11:31
3 - 28% - 20% - 10:31
4 - 13% - 10% - 4:43
Normal Defense
1 - 38% - 40% - 14:03
2 - 34% - 30% - 12:36
3 - 24% - 20% - 8:59
4 - 5% - 10% - 1:49
PP Forward
1 - 54% - 60% - 7:19
2 - 46% - 40% - 6:15
PP Defense
1 - 70% - 60% - 9:29
2 - 30% - 40% - 4:05
PK Forward
1 - 85% - 60% - 6:45
2 - 15% - 40% - 1:11
PK Defense
1 - 57% - 60% - 4:31
2 - 43% - 40% - 3:25
PK3 Forward
1 - 0% - 60%
2 - 0% - 40%
PK3 Defense
1 - 0% - 60%
2 - 0% - 40%
44 Forward
1 - 0% - 60%
2 - 0% - 40%
44 Defense
1 - 0% - 60%
2 - 0% - 40%
Last Minute Offensive - 1:03
Last Minute Defensive - 0:00
Total
Forward - 60:00
Defense - 60:00
|
Play-by-Play
1st period
0:01 of 1st period - Steven Stamkos wins face-off versus Brad Richards in neutral zone.
0:26 of 1st period - Marek Svatos is hit by Dustin Brown and loses puck.
0:33 of 1st period - Slapshot by Dustin Brown.
0:33 of 1st period - Stopped by Maxime Daigneault without a rebound.
0:34 of 1st period - Riley Armstrong wins face-off versus Chad Larose in Coyotes zone.
0:45 of 1st period - Slapshot by D.J King.
0:45 of 1st period - Stopped by Maxime Daigneault with a rebound.
0:47 of 1st period - Snap shot by Cal Clutterbuck.
0:47 of 1st period - Deflect By D.J King.
0:47 of 1st period - Shot Misses the Net.
0:47 of 1st period - Puck is out of play.
0:48 of 1st period - Valtteri Filppula wins face-off versus Melker Karlsson in Coyotes zone.
1:36 of 1st period - Brooks Laich is hit by T.J. Oshie and loses puck.
2:05 of 1st period - Greg Zanon is hit by Eric Gryba and loses puck.
2:18 of 1st period - Snap shot by Melker Karlsson.
2:18 of 1st period - Shot Misses the Net.
2:58 of 1st period - Marian Gaborik is hit by Keith Aulie and loses puck.
4:00 of 1st period - Wrist shot by Steven Stamkos.
4:00 of 1st period - Stopped by Maxime Daigneault with a rebound.
4:06 of 1st period - T.J. Oshie is hit by Michael Del Zotto and loses puck.
5:29 of 1st period - Minor Penalty to Dustin Brown for Hooking.
5:30 of 1st period - Steven Stamkos wins face-off versus Brad Richards in Penguins zone.
5:44 of 1st period - Andrew Cogliano is hit by Marian Gaborik and loses puck.
6:17 of 1st period - Sean Zimmerman is hit by Greg Zanon and loses puck.
6:38 of 1st period - Minor Penalty to Keith Aulie for High sticking.
6:39 of 1st period - Steven Stamkos wins face-off versus Brad Richards in Penguins zone.
7:06 of 1st period - Steven Stamkos is hit by Ryane Clowe and loses puck.
7:14 of 1st period - Wrist shot by Marek Svatos.
7:14 of 1st period - Shot Misses the Net.
7:29 of 1st period - Penalty to Dustin Brown is over, Dustin Brown is back on ice.
8:38 of 1st period - Penalty to Keith Aulie is over, Keith Aulie is back on ice.
8:54 of 1st period - Wrist shot by Chad Larose.
8:54 of 1st period - Stopped by Jacob Markstrom without a rebound.
8:55 of 1st period - Riley Sheahan wins face-off versus Brooks Laich in Penguins zone.
8:55 of 1st period - Riley Sheahan is hit by Martin Samuelsson.
9:07 of 1st period - Slapshot by David Booth.
9:07 of 1st period - Deflect By Dustin Brown.
9:07 of 1st period - Stopped by Maxime Daigneault without a rebound.
9:08 of 1st period - Steven Stamkos wins face-off versus Brad Richards in Coyotes zone.
9:30 of 1st period - Eric Gryba is hit by Zach Parise and loses puck.
9:50 of 1st period - Snap shot by Riley Sheahan.
9:50 of 1st period - Stopped by Maxime Daigneault without a rebound.
9:51 of 1st period - Riley Sheahan wins face-off versus Brooks Laich in Coyotes zone.
10:06 of 1st period - Slapshot by Dustin Brown.
10:06 of 1st period - Stopped by Maxime Daigneault without a rebound.
10:07 of 1st period - Steven Stamkos wins face-off versus Brad Richards in Coyotes zone.
10:08 of 1st period - Slapshot by Andrew Cogliano.
10:08 of 1st period - Shot Blocked by Kristopher Letang.
10:20 of 1st period - Slapshot by Kristopher Letang.
10:20 of 1st period - Stopped by Jacob Markstrom without a rebound.
10:21 of 1st period - Steven Stamkos wins face-off versus Brad Richards in Penguins zone.
10:57 of 1st period - Sean Zimmerman is hit by Anton Stralman and loses puck.
11:38 of 1st period - Slapshot by Steven Stamkos.
11:38 of 1st period - Shot Misses the Net.
11:40 of 1st period - Snap shot by Steven Stamkos.
11:40 of 1st period - Stopped by Maxime Daigneault without a rebound.
11:41 of 1st period - Zach Parise wins face-off versus David Booth in Coyotes zone.
11:41 of 1st period - Zach Parise is hit by Riley Sheahan.
12:27 of 1st period - Minor Penalty to Steven Stamkos for Roughing.
12:28 of 1st period - Brad Richards wins face-off versus Riley Sheahan in Penguins zone.
12:29 of 1st period - Wrist shot by Marian Gaborik.
12:29 of 1st period - Shot Blocked by Keith Aulie.
12:31 of 1st period - Snap shot by Brad Richards.
12:31 of 1st period - Shot Misses the Net.
12:37 of 1st period - Snap shot by Zach Parise.
12:37 of 1st period - Stopped by Jacob Markstrom without a rebound.
12:38 of 1st period - Riley Sheahan wins face-off versus Brad Richards in Penguins zone.
12:38 of 1st period - Riley Sheahan is hit by Marian Gaborik.
13:02 of 1st period - Slapshot by Marian Gaborik.
13:02 of 1st period - Shot Misses the Net.
13:04 of 1st period - Wrist shot by Zach Parise.
13:04 of 1st period - Stopped by Jacob Markstrom without a rebound.
13:05 of 1st period - Nazem Kadri wins face-off versus Riley Sheahan in Penguins zone.
14:27 of 1st period - Penalty to Steven Stamkos is over, Steven Stamkos is back on ice.
14:34 of 1st period - Snap shot by Steven Stamkos.
14:34 of 1st period - Shot Misses the Net.
14:44 of 1st period - Slapshot by Melker Karlsson.
14:44 of 1st period - Shot Misses the Net.
14:46 of 1st period - Snap shot by Steven Stamkos.
14:46 of 1st period - Shot Misses the Net.
14:48 of 1st period - Snap shot by Melker Karlsson.
14:48 of 1st period - Stopped by Maxime Daigneault with a rebound.
15:00 of 1st period - Wrist shot by Steven Stamkos.
15:00 of 1st period - Stopped by Maxime Daigneault without a rebound.
15:01 of 1st period - Riley Sheahan wins face-off versus Brooks Laich in Coyotes zone.
15:12 of 1st period - Wrist shot by Brooks Laich.
15:12 of 1st period - Deflect By Chad Larose.
15:12 of 1st period - Stopped by Jacob Markstrom with a rebound.
15:48 of 1st period - Marian Gaborik is hit by T.J. Oshie and loses puck.
15:59 of 1st period - Wrist shot by Chad Larose.
15:59 of 1st period - Deflect By Brooks Laich.
15:59 of 1st period - Goal by Brooks Laich - Penguins : 0 - Coyotes : 1.
16:00 of 1st period - Steven Stamkos wins face-off versus Brad Richards in neutral zone.
16:09 of 1st period - Icing by Zach Parise.
16:10 of 1st period - Brad Richards wins face-off versus Steven Stamkos in Coyotes zone.
16:14 of 1st period - Marian Gaborik is hit by Andrew Cogliano and loses puck.
16:28 of 1st period - Andrew Cogliano is hit by Marian Gaborik and loses puck.
16:33 of 1st period - Snap shot by Marian Gaborik.
16:33 of 1st period - Stopped by Jacob Markstrom with a rebound.
16:35 of 1st period - Slapshot by Kristopher Letang.
16:35 of 1st period - Stopped by Jacob Markstrom without a rebound.
16:36 of 1st period - David Booth wins face-off versus Nazem Kadri in Penguins zone.
17:00 of 1st period - Icing by Mike Komisarek.
17:01 of 1st period - Brooks Laich wins face-off versus Dustin Brown in Penguins zone.
17:10 of 1st period - Snap shot by Marian Gaborik.
17:10 of 1st period - Goal by Marian Gaborik - Penguins : 0 - Coyotes : 2.
17:11 of 1st period - Andrew Cogliano wins face-off versus Brad Richards in neutral zone.
17:57 of 1st period - Snap shot by Martin St. Louis.
17:57 of 1st period - Shot Blocked by Kristopher Letang.
18:07 of 1st period - Snap shot by Martin St. Louis.
18:07 of 1st period - Shot Misses the Net.
18:09 of 1st period - Slapshot by Christian Ehrhoff.
18:09 of 1st period - Shot Blocked by Ryane Clowe.
18:15 of 1st period - Minor Penalty to Ryane Clowe for Holding.
18:16 of 1st period - Marian Gaborik wins face-off versus Steven Stamkos in Coyotes zone.
18:46 of 1st period - Icing by David Booth.
18:47 of 1st period - Riley Sheahan wins face-off versus Marian Gaborik in Penguins zone.
19:10 of 1st period - Slapshot by Kristopher Letang.
19:10 of 1st period - Shot Blocked by David Booth.
19:45 of 1st period - Riley Sheahan is hit by Martin Samuelsson and loses puck.
19:54 of 1st period - Marian Gaborik is hit by Eric Gryba.
Goals for this period are 0 for Penguins vs 2 for Coyotes.
Shots for this period are 9 for Penguins vs 9 for Coyotes.
2nd period
0:01 of 2nd period - Marian Gaborik wins face-off versus T.J. Oshie in neutral zone.
0:15 of 2nd period - Penalty to Ryane Clowe is over, Ryane Clowe is back on ice.
0:33 of 2nd period - Snap shot by Riley Sheahan.
0:33 of 2nd period - Stopped by Maxime Daigneault with a rebound.
0:38 of 2nd period - Kristopher Letang is hit by Keith Aulie and loses puck.
1:27 of 2nd period - Minor Penalty to Greg Zanon for Interference.
1:28 of 2nd period - Steven Stamkos wins face-off versus Marian Gaborik in Coyotes zone.
1:37 of 2nd period - Backhand shot by Steven Stamkos.
1:37 of 2nd period - Shot Blocked by Brad Richards.
3:27 of 2nd period - Penalty to Greg Zanon is over, Greg Zanon is back on ice.
3:44 of 2nd period - Martin St. Louis is hit by Nazem Kadri and loses puck.
4:16 of 2nd period - Snap shot by Brooks Laich.
4:16 of 2nd period - Stopped by Jacob Markstrom with a rebound.
4:58 of 2nd period - Eric Gryba is hit by Alexander Sulzer and loses puck.
5:32 of 2nd period - Zach Parise is hit by Marcus Foligno and loses puck.
5:57 of 2nd period - Christian Ehrhoff is hit by Kristopher Letang.
6:18 of 2nd period - Josh Gorges is hit by Andrew Cogliano and loses puck.
6:32 of 2nd period - David Booth is hit by Zach Parise and loses puck.
6:57 of 2nd period - Michael Del Zotto is hit by Sean Zimmerman and loses puck.
7:35 of 2nd period - Josh Gorges is hit by Riley Sheahan and loses puck.
9:40 of 2nd period - Icing by Martin St. Louis.
9:41 of 2nd period - Steven Stamkos wins face-off versus Brooks Laich in Penguins zone.
9:41 of 2nd period - Steven Stamkos is hit by Michael Del Zotto.
9:44 of 2nd period - Minor Penalty to Alexander Sulzer for Hooking.
9:45 of 2nd period - Steven Stamkos wins face-off versus Marian Gaborik in Coyotes zone.
9:56 of 2nd period - Wrist shot by Steven Stamkos.
9:56 of 2nd period - Shot Blocked by Kristopher Letang.
10:12 of 2nd period - Sean Zimmerman is hit by Zach Parise and loses puck.
10:17 of 2nd period - Slapshot by Nazem Kadri.
10:17 of 2nd period - Stopped by Jacob Markstrom without a rebound.
10:18 of 2nd period - Steven Stamkos wins face-off versus Nazem Kadri in Penguins zone.
10:25 of 2nd period - Slapshot by Steven Stamkos.
10:25 of 2nd period - Stopped by Maxime Daigneault without a rebound.
10:26 of 2nd period - Marian Gaborik wins face-off versus T.J. Oshie in Coyotes zone.
10:55 of 2nd period - Snap shot by Steven Stamkos.
10:55 of 2nd period - Shot Hit the Post.
11:01 of 2nd period - Wrist shot by Steven Stamkos.
11:01 of 2nd period - Shot Misses the Net.
11:03 of 2nd period - Slapshot by Eric Gryba.
11:03 of 2nd period - Stopped by Maxime Daigneault with a rebound.
11:05 of 2nd period - Snap shot by T.J. Oshie.
11:05 of 2nd period - Deflect By Andrew Cogliano.
11:05 of 2nd period - Stopped by Maxime Daigneault with a rebound.
11:07 of 2nd period - Slapshot by Mike Komisarek.
11:07 of 2nd period - Shot Blocked by Kristopher Letang.
11:09 of 2nd period - Snap shot by Steven Stamkos.
11:09 of 2nd period - Shot Blocked by Anton Stralman.
11:19 of 2nd period - Snap shot by Andrew Cogliano.
11:19 of 2nd period - Shot Misses the Net.
11:33 of 2nd period - Snap shot by Steven Stamkos.
11:33 of 2nd period - Shot Misses the Net.
11:35 of 2nd period - Snap shot by Andrew Cogliano.
11:35 of 2nd period - Shot Misses the Net.
11:37 of 2nd period - Slapshot by Eric Gryba.
11:37 of 2nd period - Shot Blocked by Kristopher Letang.
11:39 of 2nd period - Snap shot by Andrew Cogliano.
11:39 of 2nd period - Shot Misses the Net.
11:44 of 2nd period - Penalty to Alexander Sulzer is over, Alexander Sulzer is back on ice.
11:59 of 2nd period - Wrist shot by Andrew Cogliano.
11:59 of 2nd period - Stopped by Maxime Daigneault with a rebound.
12:01 of 2nd period - Slapshot by Mike Komisarek.
12:01 of 2nd period - Deflect By Marian Gaborik.
12:01 of 2nd period - Stopped by Maxime Daigneault without a rebound.
12:02 of 2nd period - Riley Sheahan wins face-off versus Nazem Kadri in Coyotes zone.
12:05 of 2nd period - Wrist shot by Riley Sheahan.
12:05 of 2nd period - Shot Blocked by Marek Svatos.
12:23 of 2nd period - Josh Gorges is hit by Dustin Brown and loses puck.
12:40 of 2nd period - Wrist shot by Marek Svatos.
12:40 of 2nd period - Shot Misses the Net.
12:42 of 2nd period - Snap shot by Nazem Kadri.
12:42 of 2nd period - Stopped by Jacob Markstrom without a rebound.
12:43 of 2nd period - Brooks Laich wins face-off versus Riley Armstrong in Penguins zone.
12:44 of 2nd period - Backhand shot by Michael Del Zotto.
12:44 of 2nd period - Stopped by Jacob Markstrom with a rebound.
12:58 of 2nd period - Wrist shot by Brooks Laich.
12:58 of 2nd period - Shot Blocked by Paul Ranger.
13:36 of 2nd period - Brooks Laich is hit by Dustin Brown and loses puck.
14:42 of 2nd period - Martin Samuelsson is hit by Paul Ranger and loses puck.
15:17 of 2nd period - Snap shot by Ryane Clowe.
15:17 of 2nd period - Shot Blocked by Riley Sheahan.
15:19 of 2nd period - Slapshot by Josh Gorges.
15:19 of 2nd period - Stopped by Jacob Markstrom with a rebound.
15:29 of 2nd period - Snap shot by Steven Stamkos.
15:29 of 2nd period - Stopped by Maxime Daigneault without a rebound.
15:30 of 2nd period - Brad Richards wins face-off versus Steven Stamkos in Coyotes zone.
15:30 of 2nd period - Brad Richards is hit by Steven Stamkos.
15:46 of 2nd period - Slapshot by Michael Del Zotto.
15:46 of 2nd period - Deflect By Chris Stewart.
15:46 of 2nd period - Stopped by Jacob Markstrom with a rebound.
16:06 of 2nd period - Snap shot by Nazem Kadri.
16:06 of 2nd period - Shot Blocked by Riley Sheahan.
17:17 of 2nd period - Minor Penalty to Andrew Cogliano for High sticking.
17:18 of 2nd period - Steven Stamkos wins face-off versus Marian Gaborik in Penguins zone.
17:18 of 2nd period - Steven Stamkos is hit by Zach Parise.
17:26 of 2nd period - Snap shot by Keith Aulie.
17:26 of 2nd period - Shot Blocked by Zach Parise.
17:28 of 2nd period - Wrist shot by Sean Zimmerman.
17:28 of 2nd period - Shot Misses the Net.
17:30 of 2nd period - Snap shot by Riley Sheahan.
17:30 of 2nd period - Stopped by Maxime Daigneault with a rebound.
17:32 of 2nd period - Wrist shot by Sean Zimmerman.
17:32 of 2nd period - Deflect By Anton Stralman.
17:32 of 2nd period - Goal by Sean Zimmerman - Penguins : 1 - Coyotes : 2.
17:33 of 2nd period - Brad Richards wins face-off versus Steven Stamkos in neutral zone.
17:40 of 2nd period - Keith Aulie is hit by Zach Parise and loses puck.
17:59 of 2nd period - Slapshot by Marek Svatos.
17:59 of 2nd period - Shot Misses the Net.
18:05 of 2nd period - Wrist shot by Marek Svatos.
18:05 of 2nd period - Shot Misses the Net.
18:07 of 2nd period - Slapshot by Ryane Clowe.
18:07 of 2nd period - Stopped by Jacob Markstrom without a rebound.
18:08 of 2nd period - Steven Stamkos wins face-off versus Brad Richards in Penguins zone.
19:17 of 2nd period - Penalty to Andrew Cogliano is over, Andrew Cogliano is back on ice.
19:40 of 2nd period - Snap shot by Nazem Kadri.
19:40 of 2nd period - Shot Misses the Net.
19:48 of 2nd period - Snap shot by Marek Svatos.
19:48 of 2nd period - Stopped by Jacob Markstrom without a rebound.
19:49 of 2nd period - Melker Karlsson wins face-off versus Brad Richards in Penguins zone.
Goals for this period are 1 for Penguins vs 0 for Coyotes.
Shots for this period are 9 for Penguins vs 8 for Coyotes.
3rd period
0:01 of 3rd period - Brad Richards wins face-off versus Steven Stamkos in neutral zone.
0:03 of 3rd period - Minor Penalty to Marian Gaborik for Roughing.
0:04 of 3rd period - Steven Stamkos wins face-off versus Martin Samuelsson in Coyotes zone.
1:34 of 3rd period - Icing by David Booth.
1:35 of 3rd period - Brooks Laich wins face-off versus Riley Sheahan in Penguins zone.
2:01 of 3rd period - Sean Zimmerman is hit by Martin Samuelsson and loses puck.
2:03 of 3rd period - Penalty to Marian Gaborik is over, Marian Gaborik is back on ice.
2:35 of 3rd period - Minor Penalty to Keith Aulie for Hooking.
2:36 of 3rd period - Steven Stamkos wins face-off versus Nazem Kadri in Penguins zone.
2:36 of 3rd period - Steven Stamkos is hit by Nazem Kadri.
2:45 of 3rd period - Slapshot by Kristopher Letang.
2:45 of 3rd period - Shot Blocked by Andrew Cogliano.
2:47 of 3rd period - Snap shot by Nazem Kadri.
2:47 of 3rd period - Stopped by Jacob Markstrom with a rebound.
4:26 of 3rd period - Marek Svatos is hit by Christian Ehrhoff and loses puck.
4:35 of 3rd period - Penalty to Keith Aulie is over, Keith Aulie is back on ice.
4:41 of 3rd period - Slapshot by Brooks Laich.
4:41 of 3rd period - Stopped by Jacob Markstrom without a rebound.
4:42 of 3rd period - Brooks Laich wins face-off versus Melker Karlsson in Penguins zone.
4:45 of 3rd period - Wrist shot by Martin Samuelsson.
4:45 of 3rd period - Shot Misses the Net.
4:55 of 3rd period - Michael Del Zotto is hit by Melker Karlsson and loses puck.
5:14 of 3rd period - Slapshot by Marian Gaborik.
5:14 of 3rd period - Stopped by Jacob Markstrom without a rebound.
5:15 of 3rd period - Brad Richards wins face-off versus Steven Stamkos in Penguins zone.
5:47 of 3rd period - Wrist shot by Cal Clutterbuck.
5:47 of 3rd period - Shot Misses the Net.
5:59 of 3rd period - Minor Penalty to Keith Aulie for Boarding.
6:00 of 3rd period - Steven Stamkos wins face-off versus Brad Richards in Penguins zone.
6:24 of 3rd period - Icing by Anton Stralman.
6:25 of 3rd period - Riley Sheahan wins face-off versus Brad Richards in Coyotes zone.
6:28 of 3rd period - Wrist shot by Riley Sheahan.
6:28 of 3rd period - Goal by Riley Sheahan - Penguins : 2 - Coyotes : 2.
6:29 of 3rd period - Brad Richards wins face-off versus Steven Stamkos in neutral zone.
6:36 of 3rd period - Snap shot by Brad Richards.
6:36 of 3rd period - Shot Misses the Net.
7:06 of 3rd period - Slapshot by Nazem Kadri.
7:06 of 3rd period - Shot Misses the Net.
7:59 of 3rd period - Penalty to Keith Aulie is over, Keith Aulie is back on ice.
8:01 of 3rd period - Icing by Eric Gryba.
8:02 of 3rd period - Brad Richards wins face-off versus Steven Stamkos in Penguins zone.
8:31 of 3rd period - Wrist shot by Marian Gaborik.
8:31 of 3rd period - Stopped by Jacob Markstrom without a rebound.
8:32 of 3rd period - Riley Sheahan wins face-off versus Valtteri Filppula in Penguins zone.
8:32 of 3rd period - Riley Sheahan is hit by Valtteri Filppula.
8:42 of 3rd period - Slapshot by Dustin Brown.
8:42 of 3rd period - Stopped by Maxime Daigneault without a rebound.
8:43 of 3rd period - Brad Richards wins face-off versus Riley Sheahan in Coyotes zone.
9:04 of 3rd period - Double Minor Penalty to Dustin Brown for Roughing.
9:05 of 3rd period - Steven Stamkos wins face-off versus Brad Richards in Penguins zone.
9:05 of 3rd period - Steven Stamkos is hit by Anton Stralman.
9:11 of 3rd period - Snap shot by Andrew Cogliano.
9:11 of 3rd period - Shot Blocked by Zach Parise.
9:33 of 3rd period - Slapshot by Kristopher Letang.
9:33 of 3rd period - Shot Blocked by Cal Clutterbuck.
9:35 of 3rd period - Slapshot by Marek Svatos.
9:35 of 3rd period - Goal by Marek Svatos - Penguins : 2 - Coyotes : 3.
9:36 of 3rd period - Steven Stamkos wins face-off versus Marian Gaborik in neutral zone.
9:57 of 3rd period - Keith Aulie is hit by Anton Stralman and loses puck.
10:12 of 3rd period - Wrist shot by Cal Clutterbuck.
10:12 of 3rd period - Stopped by Maxime Daigneault without a rebound.
10:13 of 3rd period - Riley Sheahan wins face-off versus Marek Svatos in Coyotes zone.
10:23 of 3rd period - Slapshot by Nazem Kadri.
10:23 of 3rd period - Stopped by Jacob Markstrom without a rebound.
10:24 of 3rd period - Steven Stamkos wins face-off versus Brad Richards in Penguins zone.
10:24 of 3rd period - Steven Stamkos is hit by Zach Parise.
11:35 of 3rd period - Penalty to Dustin Brown is over, Dustin Brown is back on ice.
12:01 of 3rd period - Steven Stamkos is hit by Brooks Laich and loses puck.
12:12 of 3rd period - Slapshot by Steven Stamkos.
12:12 of 3rd period - Shot Blocked by Chad Larose.
12:14 of 3rd period - Wrist shot by Dustin Brown.
12:14 of 3rd period - Goal by Dustin Brown - Penguins : 3 - Coyotes : 3.
12:15 of 3rd period - Brad Richards wins face-off versus Riley Armstrong in neutral zone.
12:22 of 3rd period - Snap shot by Marian Gaborik.
12:22 of 3rd period - Stopped by Jacob Markstrom with a rebound.
12:42 of 3rd period - Snap shot by Chad Larose.
12:42 of 3rd period - Stopped by Jacob Markstrom without a rebound.
12:43 of 3rd period - Brooks Laich wins face-off versus Riley Sheahan in Penguins zone.
12:54 of 3rd period - Wrist shot by David Booth.
12:54 of 3rd period - Stopped by Maxime Daigneault with a rebound.
13:40 of 3rd period - Slapshot by Marek Svatos.
13:40 of 3rd period - Shot Misses the Net.
13:42 of 3rd period - Snap shot by Nazem Kadri.
13:42 of 3rd period - Stopped by Jacob Markstrom with a rebound.
14:00 of 3rd period - Wrist shot by Martin St. Louis.
14:00 of 3rd period - Stopped by Maxime Daigneault without a rebound.
14:01 of 3rd period - Melker Karlsson wins face-off versus Brooks Laich in Coyotes zone.
14:21 of 3rd period - Snap shot by Martin St. Louis.
14:21 of 3rd period - Shot Misses the Net.
14:46 of 3rd period - Icing by Sean Zimmerman.
14:47 of 3rd period - Nazem Kadri wins face-off versus Steven Stamkos in Penguins zone.
16:01 of 3rd period - Wrist shot by Marek Svatos.
16:01 of 3rd period - Stopped by Jacob Markstrom without a rebound.
16:02 of 3rd period - Steven Stamkos wins face-off versus Ryane Clowe in Penguins zone.
16:02 of 3rd period - Steven Stamkos is hit by Marek Svatos.
16:09 of 3rd period - Slapshot by Paul Ranger.
16:09 of 3rd period - Shot Misses the Net.
16:11 of 3rd period - Wrist shot by Steven Stamkos.
16:11 of 3rd period - Stopped by Maxime Daigneault with a rebound.
16:13 of 3rd period - Snap shot by Andrew Cogliano.
16:13 of 3rd period - Shot Misses the Net.
16:15 of 3rd period - Wrist shot by Steven Stamkos.
16:15 of 3rd period - Stopped by Maxime Daigneault with a rebound.
16:23 of 3rd period - Slapshot by Andrew Cogliano.
16:23 of 3rd period - Goal by Andrew Cogliano - Penguins : 4 - Coyotes : 3.
16:24 of 3rd period - Riley Armstrong wins face-off versus Brooks Laich in neutral zone.
16:26 of 3rd period - Sean Zimmerman is hit by Anton Stralman and loses puck.
16:39 of 3rd period - Slapshot by Cal Clutterbuck.
16:39 of 3rd period - Shot Misses the Net.
17:12 of 3rd period - Greg Zanon is hit by Mike Komisarek and loses puck.
17:19 of 3rd period - Wrist shot by David Booth.
17:19 of 3rd period - Stopped by Maxime Daigneault without a rebound.
17:20 of 3rd period - Brooks Laich wins face-off versus Riley Armstrong in Coyotes zone.
17:20 of 3rd period - Brooks Laich is hit by Christian Ehrhoff.
17:25 of 3rd period - Greg Zanon is hit by D.J King and loses puck.
17:32 of 3rd period - Slapshot by Christian Ehrhoff.
17:32 of 3rd period - Stopped by Maxime Daigneault without a rebound.
17:33 of 3rd period - Riley Armstrong wins face-off versus Brooks Laich in Coyotes zone.
17:45 of 3rd period - Snap shot by Brooks Laich.
17:45 of 3rd period - Stopped by Jacob Markstrom with a rebound.
18:21 of 3rd period - Josh Gorges is hit by Riley Sheahan and loses puck.
18:28 of 3rd period - Slapshot by David Booth.
18:28 of 3rd period - Stopped by Maxime Daigneault without a rebound.
18:29 of 3rd period - Brooks Laich wins face-off versus Riley Armstrong in Coyotes zone.
18:55 of 3rd period - Riley Sheahan is hit by Zach Parise and loses puck.
18:58 of 3rd period - Coyotes, Maxime Daigneault is pulled from the net.
19:00 of 3rd period - Wrist shot by Brad Richards.
19:00 of 3rd period - Stopped by Jacob Markstrom without a rebound.
19:01 of 3rd period - Mike Keenan call a timeout for Coyotes.
19:01 of 3rd period - Riley Sheahan wins face-off versus Brad Richards in Penguins zone.
19:01 of 3rd period - Riley Sheahan is hit by Brad Richards.
19:54 of 3rd period - Snap shot by Cal Clutterbuck.
19:54 of 3rd period - Deflect By Kristopher Letang.
19:54 of 3rd period - Goal by Cal Clutterbuck - Penguins : 5 - Coyotes : 3.
19:54 of 3rd period - Maxime Daigneault from Coyotes was sent back in the game.
19:55 of 3rd period - Brad Richards wins face-off versus Andrew Cogliano in neutral zone.
19:58 of 3rd period - Eric Gryba is hit by Josh Gorges and loses puck.
Goals for this period are 4 for Penguins vs 1 for Coyotes.
Shots for this period are 13 for Penguins vs 12 for Coyotes.
Back to the Top